 Dungeon Crawl Stone Soup version 0.31.0-11-ge490571c62 (webtiles) character file.

Game seed: 16396240281681606966

33 hooplebogart the Shooter (level 3, 18/18 HPs)
             Began as a Spriggan Hunter on Jan 29, 2024.
             Quit the game on level 1 of the Dungeon.
             The game lasted 00:05:28 (563 turns).

hooplebogart the Shooter (Spriggan Hunter)           Turns: 563, Time: 00:05:29

Health: 18/18      AC:  2    Str:  7    XL:     3   Next: 12%
Magic:  4/4        EV: 18    Int: 10    God:
Gold:   51         SH:  0    Dex: 20    Spells: 2/2 levels left

rFire   . . .        a - +0 shortbow
rCold   . . .        (shield currently unavailable)
rNeg    . . .        c - +0 robe
rPois   .            (helmet restricted)
rElec   .            (no cloak)
rCorr   .            (gloves unavailable)
SInv    +            (boots unavailable)
Will    .....        (no amulet)
Stlth   ++           (no ring)
HPRegen 0.23/turn    (no ring)
MPRegen 0.09/turn

%: no passive effects
@: very quick
A: very small, no large weapons, unfitting armour, see invisible, speed 3
a: no special abilities


You were on level 1 of the Dungeon.
You visited 1 branch of the dungeon, and saw 1 of its levels.

You collected 51 gold pieces.

Inventory:

Hand Weapons
 a - a +0 shortbow (weapon)
 i - a +0 club
 j - a +0 dagger
Armour
 c - a +0 robe (worn)
 f - a +0 pair of boots
Jewellery
 l - a ring of protection from cold
Scrolls
 b - a scroll of butterflies
 d - a scroll of teleportation {unknown}
 e - a scroll of identify {unknown}
 g - a scroll of poison {unknown}
 h - a scroll of vulnerability {unknown}
 k - a scroll of enchant weapon {unknown}


   Skills:
 + Level 2.0 Fighting
 + Level 4.3 Ranged Weapons
 + Level 3.3 Dodging
 + Level 2.6 Stealth


You had 2 spell levels left.
You didn't know any spells.
Your spell library contained the following spells:

 Spells                   Type           Power      Damage    Failure   Level
 Kiss of Death            Conj/Necr      0%         2d5       36%         1
 Confusing Touch          Hex            0%         N/A       75%         3
 Dispel Undead            Necr           0%         3d6       98%         4


Dungeon Overview and Level Annotations

Branches:
Dungeon (1/15)

Altars:

Shops:
D:1 [


Innate Abilities, Weirdness & Mutations

You are very small and have problems with some larger weapons.
You are too small for most types of armour.
You have supernaturally acute eyesight. (SInv)
You cover ground extremely quickly. (Speed+++)


Message History

Fire: a) +0 shortbow
Press: ? - help, Q - select action Shift-Dir - straight line, f - hobgoblin
Aim: a hobgoblin (wandering, hasn't noticed you, 65% to hit)
You shoot an arrow. The arrow hits the hobgoblin.
The hobgoblin is lightly wounded.
Fire: a) +0 shortbow
Press: ? - help, Q - select action Shift-Dir - straight line, f/p - hobgoblin
Aim: a hobgoblin (lightly wounded, 65% to hit)
You shoot an arrow. The arrow hits the hobgoblin.
You kill the hobgoblin!
An endoplasm comes into view.
Fire: a) +0 shortbow
Press: ? - help, Q - select action Shift-Dir - straight line, f - endoplasm
Aim: an endoplasm (asleep, 98% to hit)
You shoot an arrow. The arrow hits the endoplasm!
You kill the endoplasm!
There is an open door here.
You open the door.
There is an open door here.
There is a staircase leading out of the dungeon here.
Found a robe.
Sorry, I don't know how to get there.
Why would you want to do that?
Sorry, I don't know how to get there.
Welcome back, hooplebogart the Spriggan Hunter.
Press ? for a list of commands and other information.
Why would you want to do that? Why would you want to do that?
Why would you want to do that? Why would you want to do that?
Why would you want to do that? Why would you want to do that?
There is a staircase leading out of the dungeon here.
No target in view!
You see here a +0 robe.
Found a dagger.
You see here a +0 dagger.
You now have 51 gold pieces (gained 10).
l - a ring of protection from cold Are you sure you want to abandon this character and quit the game? (Confirm with "yes".)

.≈§§.§.#.#
#.#
...§§8.#.#
#.#
..<....#.#
#.#
..8......#
#.#
.........#
##.########
......##.#
#.........#
..8..###.#
#########.##
....## #.#
### #..#
...#####.#
#@#####..#
........[#
#........#
##.#######
#.######.#
##.# #.# .#
##.# #.# .#
.#.# ### #.#
.# ...#...
..# .#
.###.####
### ##
.....†...


There were no monsters in sight!

Vanquished Creatures
  A dart slug (D:1)
  4 endoplasms (D:1)
  A giant cockroach (D:1)
  A hobgoblin (D:1)
  6 jackals (D:1)
  3 quokkas (D:1)
  3 ball pythons (D:1)
  A bat (D:1)
  A frilled lizard (D:1)
  3 goblins (D:1)
  3 rats (D:1)
27 creatures vanquished.

Notes
Turn   | Place    | Note
-------+----------+-------------------------------------------
     0 | D:1      | hooplebogart the Spriggan Hunter began the quest for the
                  | Orb.
     0 | D:1      | Reached XP level 1. HP: 10/10 MP: 2/2
   199 | D:1      | Reached XP level 2. HP: 15/15 MP: 3/3
   389 | D:1      | Found Vaopon's Armour Shoppe.
   412 | D:1      | Reached XP level 3. HP: 18/18 MP: 4/4
   563 | D:1      | Quit the game

Illustrated notes

Levels and vault maps discovered:
D:1:      grunt_arrival_lava_bath, layout_basic, serial_shops,
          nicolae_shop_rolling_square

Skill      XL: |  1  2 |
---------------+-------+-----
Stealth        | 2 |  2.6
Dodging        | 3 |  3.3
Fighting       | 2 |  2.0
Ranged Weapons | |  4.3

Action                     || total
---------------------------++-------
   Fire: Shortbow          ||    50
 Armour: Robe              ||     6
  Dodge: Dodged            ||    15
